 Dungeon Crawl Stone Soup version 0.28-a0-863-g8cecda6153 (webtiles) character file.

Game seed: 14259422648398728579

122 Woods the Grave Robber (level 4, -2/30 HPs)
             Began as a Mummy Necromancer on Nov 18, 2021.
             Hit by a boomerang thrown by an orc (4 damage)
             ... on level 3 of the Dungeon.
             The game lasted 00:05:46 (3458 turns).

Woods the Grave Robber (Mummy Necromancer)          Turns: 3458, Time: 00:05:47

Health: -2/30      AC:  2    Str: 11    XL:     4   Next: 78%
Magic:  3/10       EV: 12    Int: 15    God:
Gold:   97         SH:  0    Dex: 12    Spells: 6/11 levels left

rFire   x . .      SeeInvis .   b - +2 dagger (vamp)
rCold   + . .      Faith    .   (no shield)
rNeg    + + +      Spirit   .   a - +0 robe
rPois   ∞          Reflect  .   (no helmet)
rElec   .          Harm     .   (no cloak)
rCorr   .          Rampage  .   (no gloves)
Will    .....                   (no boots)
Stlth   ++........              (no amulet)
HPRegen 0.10/turn               (no ring)
MPRegen 0.12/turn               (no ring)

@: no status effects
A: cold resistance 1, negative energy resistance 3, torment resistance 2, heat
vulnerability 1, no potions
a: no special abilities


You were on level 3 of the Dungeon.
You visited 1 branch of the dungeon, and saw 3 of its levels.

You collected 97 gold pieces.

Inventory:

Hand Weapons
 b - a +2 vampiric dagger (weapon)
Armour
 a - a +0 robe (worn)
Jewellery
 e - a ring of protection from fire
Wands
 g - a wand of iceblast (13)
Scrolls
 c - a scroll of teleportation {unknown}
 d - a scroll of torment {unknown}
 f - 2 scrolls of fear {unknown}
 h - 3 scrolls of blinking {unknown}
 i - 2 scrolls of amnesia {unknown}
 j - 3 scrolls of enchant weapon {unknown}
 k - a scroll of identify {unknown}


   Skills:
 - Level 1.7 Dodging
 - Level 1.5 Stealth
 - Level 4.0 Spellcasting
 + Level 5.6 Necromancy


You had 6 spell levels left.
You knew the following spells:

 Your Spells              Type           Power      Damage    Failure   Level
a - Pain                  Necr           76%        1d7       1%          1
b - Animate Skeleton      Necr           38%        N/A       1%          1
c - Vampiric Draining     Necr           19%        2d7       5%          3

Your spell library contained the following spells:

 Spells                   Type           Power      Damage    Failure   Level
 Animate Dead             Necr           9%         N/A       19%         4
 Agony                    Necr           19%        N/A       45%         5
 Gell's Gravitas          Tloc           3%         N/A       47%         3
 Lesser Beckoning         Tloc           3%         N/A       47%         3
 Teleport Other           Tloc           3%         N/A       47%         3


Dungeon Overview and Level Annotations

Branches:
Dungeon (3/15)

Altars:
Yredelemnul

Shops:
D:2 [

Annotations:
D:2 Sigmund
D:3 Pargi


Innate Abilities, Weirdness & Mutations

You are immune to poison.
Your flesh is cold resistant. (rC+)
You are immune to negative energy. (rN+++)
You are immune to unholy pain and torment.
You are vulnerable to heat. (rF-)
You do not drink.


Message History

Aim: an orc, wielding a +0 hand axe (chance to affect: 89%)
The orc writhes in agony.
The orc hits you with a +0 hand axe.
You hit the orc.
You kill the orc!
You hit the orc but do no damage. The orc barely misses you.
You hit the orc but do no damage. The orc hits you with a +0 falchion.
You hit the orc but do no damage. The orc barely misses you.
You hit the orc.
The orc is lightly wounded.
The orc closely misses you.
You barely miss the orc.
The orc is lightly wounded.
The orc hits you with a +0 falchion.
You barely miss the orc.
The orc is lightly wounded.
The orc misses you.
You hit the orc but do no damage.
The orc is lightly wounded.
The orc hits you with a +0 falchion.
You closely miss the orc.
The orc is lightly wounded.
The orc hits you with a +0 falchion.
Casting: Pain (safe; 1% risk of failure)
Confirm with . or Enter, or press ? or * to list all spells.
Aiming: Pain (safe; 1% risk of failure)
Press: ? - help, Shift-Dir - straight line, f - orc
Aim: an orc, wielding a +0 falchion, wearing a +0 ring mail and quivering boomerangs (lightly wounded, chance to affect: 89%)
The orc writhes in agony.
The orc hits you with a +0 falchion!
* * * LOW HITPOINT WARNING * * *
Casting: Pain (safe; 1% risk of failure)
Confirm with . or Enter, or press ? or * to list all spells.
You don't have enough magic to cast this spell.
Unknown command.
Casting: Pain (safe; 1% risk of failure)
Confirm with . or Enter, or press ? or * to list all spells.
You don't have enough magic to cast this spell.
The orc throws a boomerang.
The boomerang hits you.
* * * LOW HITPOINT WARNING * * *
The orc throws a boomerang.
The boomerang hits you.
You die...

#.##.##.###.##
#.##.###...## #.##.#
##.##########
##.##.####...........
.............########
#####..###...# ####
#..###...###..
#..........#.#
##...##...#.#@#
#.............####..#
####..^.##[....†.......#
#.....#......###o####..##
#.##....###..###o#.......
#.##.#.####.....#..#
#.##.#.......###.#.#
#.##.#######.# #.#)#
#.##.# ####.# #..)#


You could see 2 orcs.

Vanquished Creatures
  Jessica (D:2)
  4 adders
  8 orcs (D:3)
  2 bats
  6 endoplasms
  2 giant cockroaches
  5 goblins
  6 hobgoblins
  2 quokkas (D:1)
  6 ball pythons
  A frilled lizard (D:2)
  A kobold (D:2)
  4 rats
48 creatures vanquished.

Notes
Turn   | Place    | Note
-------+----------+-------------------------------------------
     0 | D:1      | Woods the Mummy Necromancer began the quest for the Orb.
     0 | D:1      | Reached XP level 1. HP: 13/13 MP: 4/4
   320 | D:1      | Reached XP level 2. HP: 19/19 MP: 3/5
   322 | D:1      | Learned a level 1 spell: Animate Skeleton
   453 | D:1      | Found a faded altar of an unknown god.
   858 | D:2      | Found Nyicw's Armour Shop.
   874 | D:2      | Found a basalt altar of Yredelemnul.
  1008 | D:2      | Noticed Sigmund
  1210 | D:2      | Reached XP level 3. HP: 24/24 MP: 5/7
  1214 | D:2      | Learned a level 3 spell: Vampiric Draining
  1296 | D:2      | Noticed Jessica
  1309 | D:2      | Killed Jessica
  1354 | D:2      | Reached skill level 5 in Necromancy
  1354 | D:2      | Reached XP level 4. HP: 11/30 MP: 3/9
  2882 | D:3      | Noticed Pargi
  3456 | D:3      | HP: 1/30 [orc/boomerang (3)]
  3458 | D:3      | Hit by a boomerang thrown by an orc

Illustrated notes

Levels and vault maps discovered:
D:1:      saegor_arrival_simple_b, layout_rooms,
          hellmonk_ecumenical_altar_heavens_door
D:2:      layout_basic, serial_shops, shop, basic_altar, uniq_jessica,
          uniq_sigmund
D:3:      layout_loops_ring, minmay_statues_item, uniq_pargi

Skill      XL: |  1  2  3  4 |
---------------+-------------+-----
Spellcasting   | 3 4 |  4.0
Necromancy     | 5 |  5.6
Dodging        | |  1.7
Stealth        | |  1.5

Action                   |  1- 3 |  4- 6 || total
-------------------------+-------+-------++-------
Melee: Dagger            |    56 |    24 ||    80
       Unarmed           |     1 |       ||     1
 Cast: Pain              |    30 |    47 ||    77
       Animate Skeleton  |     1 |       ||     1
       Vampiric Draining |     3 |     5 ||     8
 Stab: Sleeping          |     1 |       ||     1
Armor: Robe              |     8 |     4 ||    12
Dodge: Dodged            |    36 |    44 ||    80

Table legend: (Time is in decaauts)
 A = Elapsed time spent in this place.
 B = Non-inter-level travel time spent in this place.
 C = Inter-level travel time spent in this place.
 D = Time resting spent in this place.
 E = Time spent auto-exploring this place.
 F = Levels seen in this place.
 G = Mean time per level.
                   A        B        C        D        E       F      G
               +--------+--------+--------+--------+--------+-----+--------+
         Total |   3458 |   3395 |     63 |    375 |   2492 |   3 | 1152.7 |
       Dungeon |   3458 |   3395 |     63 |    375 |   2492 |   3 | 1152.7 |
               +--------+--------+--------+--------+--------+-----+--------+

Top non-repeatable levels by time:
     D:2: 1726 daAuts
     D:3: 940 daAuts
     D:1: 791 daAuts
